 Dungeon Crawl Stone Soup version 0.15-a0-58-gfb3cfe9 (webtiles) character file.

63280 Sabsy the Spry (level 14, -7/88 HPs)
             Began as a Demonspawn Hunter on Mar 26, 2014.
             Was an Elder of Yredelemnul.
             Mangled by a jumping spider (12 damage)
             ... on Level 3 of the Spider Nest on Apr 5, 2014.
             The game lasted 04:33:03 (25165 turns).

Sabsy the Spry (Demonspawn Hunter)                 Turns: 25165, Time: 04:33:05

HP  -7/88        AC  9     Str 13      XL: 14   Next: 63%
MP   0/28        EV 15     Int 13      God: Yredelemnul [****..]
Gold 1197        SH  0     Dex 18      Spells:  0 memorised, 13 levels left

rFire  . . .     SeeInvis .     b - +1,+2 longbow (evade)
rCold  . . .     Clarity  .     B - +2 robe of Chineah {+Blink MR++}
rNeg   + . .     Conserve .     u - +5 buckler "Shrutalol" {rN+}
rPois  +         rCorr    .     M - +2 hat {Spirit}
rElec  .         rRot     .     i - +0 cloak
SustAb . .       Spirit   +     (gloves unavailable)
rMut   .         Warding  .     (no boots)
Saprov . . .     Stasis   .     (no amulet)
MR     +++..                    N - ring of poison resistance
                                E - ring of invisibility

@: held, extremely resistant to hostile enchantments, stealthy
A: claws 3, slimy green scales 1, nightstalker 1, magic shield, magic
regeneration
a: Animate Dead, Recall Undead Slaves, Injury Mirror, Drain Life, Renounce
Religion, Evoke Blink, Evoke Invisibility


You were on level 3 of the Spider Nest.
You worshipped Yredelemnul.
Yredelemnul was greatly pleased with you.
You were near starving.

You visited 4 branches of the dungeon, and saw 21 of its levels.

You collected 1197 gold pieces.

Inventory:

Hand weapons
 a - a +0,+0 short sword
 b - a +1,+2 longbow of evasion (weapon)
Missiles
 c - an arrow
Armour
 i - a +0 cloak (worn)
 u - the +5 buckler "Shrutalol" (worn) {rN+}
   (You took it off an orc wizard on level 5 of the Dungeon)

   It protects you from negative energy.
 B - the +2 robe of Chineah (worn) {+Blink MR++}
   (You found it on level 9 of the Dungeon)

   It affects your resistance to hostile enchantments.
   It lets you blink.
 M - a +2 hat of spirit shield (worn)
Magical devices
 e - a wand of digging (3)
 o - a wand of confusion (0)
 y - a wand of fireball (0)
 C - a wand of flame (0)
 D - a wand of magic darts (12)
 I - a wand of random effects (14)
 J - a wand of frost (2)
 K - a wand of disintegration (0)
 O - a wand of random effects (12)
Comestibles
 l - 3 bread rations
Scrolls
 d - a scroll of enchant weapon I {unknown}
 n - a scroll of magic mapping
 t - 8 scrolls of remove curse
 v - 4 scrolls of enchant armour
 R - a scroll of fog
 S - a scroll of amnesia
Jewellery
 f - an uncursed ring of teleportation
 q - an uncursed ring of wizardry
 s - an uncursed ring of positive energy
 E - a ring of invisibility (left claw)
 F - an uncursed ring of fire
 N - a ring of poison resistance (right claw)
 Q - an uncursed amulet of resist corrosion {unknown}
Potions
 g - a potion of agility
 h - 2 potions of poison {unknown}
 j - 2 potions of mutation
 k - 2 potions of resistance {unknown}
 p - 7 potions of curing
 r - a potion of paralysis {unknown}
 w - 3 potions of restore abilities
 H - a potion of flight {unknown}
 L - 2 potions of might
 U - a potion of brilliance {unknown}
Books
 V - a book of Death

   Spells                             Type                      Level
   Corpse Rot                         Necromancy                   2
   Sublimation of Blood               Necromancy                   2
   Agony                              Necromancy                   5
   Dispel Undead                      Necromancy                   5
   Excruciating Wounds                Charms/Necromancy            5
   Bolt of Draining                   Conjuration/Necromancy       5
Miscellaneous
 A - a lamp of fire (inert)
 T - a lamp of fire (inert)


   Skills:
 - Level 1.0 Fighting
 - Level 14.1 Bows
 - Level 1.0 Armour
 - Level 15.6 Dodging
 - Level 0.8 Stealth
 + Level 5.8 Shields
 - Level 10.4 Invocations
 - Level 6.4 Evocations


You had 13 spell levels left.
You didn't know any spells.

Dungeon Overview and Level Annotations

Branches:
Dungeon (9/15)             Temple (1/1) D:7             Orc (0/4) D:9
   Lair (8/8) D:8          Shoals (0/5) Lair:4       Spider (3/5) Lair:5
  Slime (0/6) Lair:7

Altars:
Ashenzari
Cheibriados
Dithmenos
Elyvilon
Fedhas
Kikubaaqudgha
Makhleb
Nemelex Xobeh
Okawaru
Sif Muna
Trog
Vehumet
Xom
Yredelemnul
Zin
The Shining One

Shops:
D:4 *

Annotations:
D:4 exclusion: door
D:8 Duvessa, Edmund, Maurice
Spider:1 Rupert


Innate Abilities, Weirdness & Mutations

You have claws for hands.
You are partially covered in slimy green scales (AC +2).
You are slightly more attuned to the shadows.
When hurt, damage is shared between your health and your magic reserves.
You regenerate magic rapidly.


Message History

The redback bites you but does no damage.
You block the jumping spider's attack.
The jumping spider completely misses you.
The jumping spider pounces on you!
* * * LOW HITPOINT WARNING * * *
You are caught in a web!
The jumping spider bites you but does no damage.
The redback bites you!
* * * LOW HITPOINT WARNING * * *
There is a web here.
Use which ability? (? or * to list)
You haven't enough magic at the moment.
You struggle to detach yourself from the web.
The jumping spider pounces on you but does no damage.
The jumping spider completely misses you.
The redback barely misses you. The jumping spider misses you.
The jumping spider misses you. The redback completely misses you.
The jumping spider pounces on you!
You die...
Your body rises from the dead as a mindless zombie.

### ##.## #...## ###....#
#.....## ### ###......# ## ##.##
###^#.....##
.#####>..####...ss...####
.#.#.#...##.....@ss.....#
.........#.......s.s....####
........##..#...##s##..##§.#
....(.^.......##...^.##....####
(^....(§(....#..§.....s#..@#..##
.#......!.((#.s........s#.ss...#
.((....#$^##.^^.......§s^#ss..#
(.#....#####...^......§§^#.#s##
..#....#..#.......^.sss...#ss.#


You could see 3 jumping spiders, a tarantella and 3 redbacks.

Vanquished Creatures
  Arachne (Spider:2)
  Maud (Lair:6)
  2 hydras
  9 death yaks
  3 orb spiders
  8 wolf spiders
  A griffon (Lair:5)
  A manticore (Lair:4)
  6 elephants
  5 spiny frogs
  3 demonic crawlers (Spider:2)
  4 komodo dragons
  7 jumping spiders
  A boulder beetle (Spider:1)
  A two-headed ogre (D:9)
  A hydra skeleton (D:9)
  21 blink frogs
  A basilisk (Lair:7)
  12 redbacks
  4 trapdoor spiders
  Eustachio (D:4)
  7 tarantellas
  9 yaks
  6 hippogriffs
  A vampire mosquito (Lair:8)
  13 water moccasins
  8 wolves
  A giant goldfish (Lair:8)
  2 phantoms
  A yellow wasp (D:9)
  6 porcupines
  An ice beast (D:6)
  4 sky beasts
  11 crocodiles
  8 spiders
  5 ogres
  A centaur (D:7)
  Sigmund (D:5)
  4 giant slugs
  Blork the orc (D:8)
  9 giant frogs
  An eye of draining (D:9)
  9 killer bees
  A hippogriff zombie (D:8)
  3 scorpions
  4 crimson imps (D:5)
  4 goliath beetles
  Dowan (D:8)
  8 iguanas
  5 hounds
  2 worker ants
  2 orc priests
  6 orc wizards
  9 sheep
  An ogre zombie (D:6)
  16 adders
  7 gnolls
  35 green rats
  A scorpion zombie (D:6)
  2 shadow imps
  A giant mite (Lair:7)
  2 inept feature mimics
  8 white imps (Lair:7)
  2 worms
  An orc skeleton (D:4)
  A giant eyeball (D:4)
  7 giant geckos
  13 orcs
  A ball python (D:1)
  21 bats
  5 giant cockroaches
  13 goblins
  16 hobgoblins
  4 jackals
  2 giant newts
  A goblin skeleton (D:5)
  20 kobolds
  2 kobold skeletons
  6 quokkas
  19 rats
  A fungus (Lair:4)
455 creatures vanquished.

Vanquished Creatures (collateral kills)
  Donald (Spider:2)
  An emperor scorpion (Spider:1)
  Gastronok (Lair:3)
  2 hydras
  A ravenous item mimic (Lair:6)
  4 death yaks
  5 orb spiders (Spider:1)
  13 wolf spiders
  2 red wasps
  6 elephants
  6 spiny frogs
  3 black mambas
  7 demonic crawlers
  5 komodo dragons
  A queen bee (Lair:3)
  A polar bear (Lair:6)
  5 giant leeches (Lair:8)
  5 wolves
  7 jumping spiders
  14 blink frogs
  7 trapdoor spiders
  9 tarantellas
  4 redbacks
  6 sharks
  13 yaks
  3 hippogriffs
  A vampire mosquito (Lair:8)
  6 water moccasins
  3 porcupines
  12 spiders
  A yellow wasp (Spider:1)
  4 giant goldfish (Lair:8)
  4 crocodiles
  4 giant slugs
  6 giant frogs
  2 goliath beetles
  A scorpion (Spider:1)
  20 killer bees (Lair:3)
  2 electric eels (Lair:8)
  4 big fish
  A hound (Lair:3)
  5 sheep (Lair:7)
  A green rat (Lair:3)
  A giant mite (Lair:8)
  An adder (Lair:8)
  4 white imps (Lair:7)
  3 jackals (Lair:5)
  3 rats
  A fungus (Lair:4)
  3 plants
225 creatures vanquished.

Vanquished Creatures (others)
  2 orb spiders (Spider:3)
  7 wolf spider zombies
  2 red wasps (Spider:3)
  A phantasmal warrior (Spider:1)
  2 death yak zombies (Lair:6)
  10 redback zombies
  A human zombie (Lair:6)
  A hydra zombie (Lair:5)
  A fire elemental (Spider:3)
  4 demonic crawler zombies
  A jumping spider (Spider:3)
  4 jumping spider zombies
  6 tarantella zombies
  2 redbacks (Spider:3)
  7 trapdoor spider zombies
  A red wasp zombie (Spider:1)
  2 tarantellas (Spider:3)
  9 flying skulls
  2 wraiths
  5 orb spider zombies (Spider:1)
  A spiny frog zombie (Lair:5)
  13 blink frog zombies
  4 elephant zombies
  2 komodo dragon zombies (Lair:3)
  A giant slug zombie (Lair:5)
  9 spider zombies
  6 water moccasin zombies
  A scorpion (Spider:3)
  A giant goldfish zombie (Lair:8)
  A hippogriff zombie (Lair:3)
  A shark zombie (Lair:8)
  A wight (Lair:7)
  4 wolf zombies
  2 giant frog zombies
  2 porcupine zombies
  8 killer bee zombies (Lair:3)
  3 crocodile zombies
  2 hound zombies
  2 mummies
  2 adders (Lair:1)
  A goliath beetle zombie (Lair:7)
  2 iguana zombies
  A sheep zombie (Lair:7)
  3 adder zombies
  A quokka (Lair:1)
  12 green rat zombies
  2 jackal zombies (Lair:5)
  A rat zombie (Lair:6)
  4 fungi
  4 plants
167 creatures vanquished.

Grand Total: 847 creatures vanquished

Notes
Turn   | Place    | Note
--------------------------------------------------------------
     0 | D:1      | Sabsy, the Demonspawn Hunter, began the quest for the Orb.
     0 | D:1      | Reached XP level 1. HP: 15/15 MP: 1/1
    91 | D:1      | Reached skill level 4 in Bows
    98 | D:1      | Gained mutation: You have sharp fingernails. [demonic ancestry]
    98 | D:1      | Reached XP level 2. HP: 21/21 MP: 2/2
   810 | D:2      | Gained mutation: When hurt, damage is shared between your health and your magic reserves. [demonic ancestry]
   810 | D:2      | Reached XP level 3. HP: 26/26 MP: 3/3
  1025 | D:2      | Reached skill level 1 in Armour
  1372 | D:2      | Found a snail-covered altar of Cheibriados.
  1472 | D:3      | Gained mutation: You are slightly more attuned to the shadows. [demonic ancestry]
  1472 | D:3      | Reached XP level 4. HP: 25/32 MP: 4/4
  1584 | D:3      | Found a radiant altar of Vehumet.
  1584 | D:3      | Found a deep blue altar of Sif Muna.
  1604 | D:3      | Found a white marble altar of Elyvilon.
  1616 | D:3      | Reached skill level 5 in Bows
  1834 | D:3      | Reached XP level 5. HP: 37/37 MP: 5/5
  2425 | D:4      | Noticed a sky beast
  2431 | D:4      | Killed a sky beast
  2454 | D:4      | Reached XP level 6. HP: 33/43 MP: 6/6
  2479 | D:4      | Noticed Eustachio
  2488 | D:4      | Killed Eustachio
  2488 | D:4      | Reached skill level 6 in Bows
  2651 | D:4      | Found Moiviog's Assorted Antiques.
  2669 | D:4      | Found a shimmering altar of Xom.
  2677 | D:4      | Noticed an angel
  2679 | D:4      | Found a glowing silver altar of Zin.
  2809 | D:4      | Gained mutation: You have very sharp fingernails. [demonic ancestry]
  2809 | D:4      | Reached XP level 7. HP: 48/48 MP: 7/7
  2874 | D:4      | Noticed an ogre
  3326 | D:5      | Entered Level 5 of the Dungeon
  3465 | D:5      | Noticed Sigmund
  3536 | D:4      | Upgraded the game from 0.14-a0-3509-g488b3d4 to 0.14-a0-3520-g290746a
  3804 | D:5      | Reached skill level 5 in Dodging
  4020 | D:5      | Found a basalt altar of Yredelemnul.
  4051 | D:5      | Reached skill level 7 in Bows
  4077 | D:5      | Became a worshipper of Yredelemnul the Dark
  4141 | D:5      | Gained mutation: You are partially covered in slimy green scales (AC +2). [demonic ancestry]
  4141 | D:5      | Reached XP level 8. HP: 34/54 MP: 5/8
  4412 | D:5      | Killed Sigmund
  4430 | D:5      | Got a faintly humming buckler
  4442 | D:5      | Identified the +5 buckler "Shrutalol" {rN+} (You took it off an orc wizard on level 5 of the Dungeon)
  5215 | D:6      | Reached skill level 8 in Bows
  5963 | D:6      | Found a shattered altar of Ashenzari.
  6289 | D:7      | Found a staircase to the Ecumenical Temple.
  6483 | D:7      | Got a warped chain mail
  6496 | D:7      | Identified the +7 chain mail "Luruedi" {Str-2 Int-1 Acc+2} (You found it on level 7 of the Dungeon)
  7070 | D:7      | Reached XP level 9. HP: 56/59 MP: 7/9
  7143 | D:8      | Noticed Blork the orc
  7181 | D:8      | Noticed Maurice
  7276 | D:8      | Noticed Duvessa
  7280 | D:8      | Noticed Dowan
  7436 | Temple   | Entered the Ecumenical Temple
  7568 | D:8      | Noticed Edmund
  7764 | D:9      | Reached skill level 9 in Bows
  7844 | D:9      | Acquired Yredelemnul's first power
  7856 | D:9      | Got a heavy robe
  7868 | D:9      | Identified the cursed +2 robe of Chineah {+Blink MR++} (You found it on level 9 of the Dungeon)
  8350 | D:9      | Reached skill level 10 in Bows
  8370 | D:9      | Identified a scroll of acquirement
  8472 | D:9      | Found a burning altar of Makhleb.
  8641 | D:9      | Found a staircase to the Orcish Mines.
  8914 | D:8      | Killed Blork the orc
  8920 | D:8      | Reached XP level 10. HP: 51/65 MP: 7/10
  8988 | D:8      | Found a staircase to the Lair.
  9018 | D:8      | Killed Dowan
  9024 | Lair:1   | Entered Level 1 of the Lair of Beasts
  9184 | Lair:1   | Noticed a five-headed hydra
  9339 | Lair:2   | Upgraded the game from 0.14-a0-3520-g290746a to 0.15-a0-16-g55057a3
  9437 | Lair:2   | Acquired Yredelemnul's second power
 10052 | Lair:1   | Reached skill level 11 in Bows
 10052 | Lair:1   | Reached skill level 10 in Dodging
 10572 | Lair:1   | Killed a five-headed hydra
 10572 | Lair:1   | Reached XP level 11. HP: 70/70 MP: 11/11
 10963 | Lair:3   | Acquired Yredelemnul's third power
 11102 | Lair:3   | Reached skill level 12 in Bows
 11204 | Lair:3   | Noticed a seven-headed hydra
 11216 | Lair:3   | Killed a seven-headed hydra
 11503 | Lair:3   | Noticed Gastronok
 11512 | Lair:3   | Killed Gastronok
 12336 | Lair:3   | Acquired Yredelemnul's fourth power
 12597 | Lair:4   | Found a staircase to the Shoals.
 12818 | Lair:4   | Reached skill level 13 in Bows
 12833 | Lair:4   | Received a gift from Yredelemnul
 13259 | Lair:4   | Got an ichor-stained leather armour
 13297 | Lair:4   | Gained mutation: You have claws for hands. [demonic ancestry]
 13297 | Lair:4   | Reached XP level 12. HP: 65/76 MP: 10/12
 13342 | Lair:4   | Identified the cursed -4 leather armour of Bedevilment {rElec rPois} (You found it on level 4 of the Lair of Beasts)
 14187 | Lair:5   | Noticed a seven-headed hydra
 14249 | Lair:5   | Killed a seven-headed hydra
 14934 | Lair:5   | Found a hole to the Spider Nest.
 15428 | Lair:6   | Received a gift from Yredelemnul
 15714 | Lair:6   | Noticed a five-headed hydra
 15721 | Lair:6   | Killed a five-headed hydra
 15790 | Lair:6   | Acquired Yredelemnul's fifth power
 15824 | Lair:6   | Killed a ravenous pile of gold mimic
 16090 | Lair:6   | Noticed Maud
 16115 | Lair:6   | Reached skill level 14 in Bows
 16137 | Lair:6   | Killed Maud
 16557 | Lair:6   | Your ally Maud died
 16974 | Lair:7   | Received a gift from Yredelemnul
 17043 | Lair:7   | Found a frozen archway.
 17501 | Lair:6   | Reached skill level 5 in Invocations
 17501 | Lair:6   | Received a gift from Yredelemnul
 17524 | Lair:7   | Gained mutation: You regenerate magic rapidly. [demonic ancestry]
 17524 | Lair:7   | Reached XP level 13. HP: 62/81 MP: 18/21
 17602 | Lair:7   | Found a staircase to the Slime Pits.
 18485 | Lair:7   | Received a gift from Yredelemnul
 19033 | Lair:7   | Received a gift from Yredelemnul
 19055 | Lair:8   | Entered Level 8 of the Lair of Beasts
 19319 | Lair:8   | Received a gift from Yredelemnul
 19611 | Lair:8   | Received a gift from Yredelemnul
 19730 | Lair:8   | Reached skill level 10 in Invocations
 20263 | Spider:1 | Entered Level 1 of the Spider Nest
 20421 | Spider:1 | Reached skill level 1 in Evocations
 20501 | Spider:1 | Reached skill level 15 in Dodging
 20693 | Spider:1 | Received a gift from Yredelemnul
 20832 | Spider:1 | Reached XP level 14. HP: 88/88 MP: 28/28
 21268 | Spider:1 | Got a twisted chain mail
 21282 | Spider:1 | Identified the cursed -1 chain mail of Sisausi {+Fly MR++} (You found it on level 1 of the Spider Nest)
 21444 | Spider:1 | Received a gift from Yredelemnul
 21484 | Spider:1 | Upgraded the game from 0.15-a0-16-g55057a3 to 0.15-a0-58-gfb3cfe9
 21701 | Spider:1 | Reached skill level 5 in Evocations
 21760 | Spider:1 | Noticed an emperor scorpion
 21769 | Spider:1 | Killed an emperor scorpion
 22408 | Spider:2 | Noticed Rupert
 22956 | Spider:2 | Paralysed by Rupert for 7 turns
 23128 | Spider:2 | HP: 3/88 [wolf spider (8)]
 23889 | Spider:3 | Reached skill level 1 in Shields
 23926 | Spider:3 | Noticed Arachne
 23939 | Spider:3 | Noticed Donald
 24668 | Spider:2 | Killed Arachne
 24668 | Spider:2 | Reached skill level 5 in Shields
 25001 | Spider:2 | Killed Donald
 25165 | Spider:3 | Mangled by a jumping spider

Action                   |  1- 3 |  4- 6 |  7- 9 | 10-12 | 13-15 || total
-------------------------+-------+-------+-------+-------+-------++-------
Melee: Short sword       |       |       |       |    70 |       ||    70
 Fire: Bow               |   104 |   121 |   499 |       |       ||   724
       Longbow           |       |       |    29 |   694 |   555 ||  1278
Invok: Animate Remains   |       |       |       |    17 |       ||    17
       Recall Undead Sla |       |       |       |     1 |       ||     1
       Animate Dead      |       |       |       |    42 |    80 ||   122
       Injury Mirror     |       |       |       |     1 |     1 ||     2
       Enslave Soul      |       |       |       |       |     2 ||     2
       Drain Life        |       |       |       |       |     8 ||     8
 Abil: Evoke Blink       |       |       |       |    24 |    22 ||    46
       Evoke Invisibilit |       |       |       |       |     1 ||     1
Evoke: Wand              |       |       |    16 |    33 |    28 ||    77
       Lamp of fire      |       |       |       |       |     2 ||     2
  Use: Scroll            |       |       |    21 |    10 |    14 ||    45
       Potion            |       |       |     7 |     6 |    10 ||    23
